 Dungeon Crawl Stone Soup version 0.29.1-1-gd02db6906a (webtiles) character file.

Game seed: 12849629728177710856

179 hawla the Conjurer (level 6, -5/45 HPs)
             Began as a Meteoran Fire Elementalist on Oct 18, 2022.
             Slain by Barsook's ghost (8 damage)
             ... on level 3 of the Dungeon.
             The game lasted 00:10:06 (1698 turns).

hawla the Conjurer (Meteoran Fire Elementalist)     Turns: 1698, Time: 00:10:06

Health: -5/45      AC:  2    Str:  9 (10) XL:     6   Next: 14%
Magic:  3/12       EV: 12    Int: 17 (19) God:
Gold:   78         SH:  0    Dex: 13 (14) Spells: 5/11 levels left

rFire   + . .      SeeInvis .   (no weapon)
rCold   + . .      Faith    .   (no shield)
rNeg    . . .      Spirit   .   a - +0 robe
rPois   +          Reflect  .   (no helmet)
rElec   +          Harm     .   (no cloak)
rCorr   +          Rampage  .   (no gloves)
Will    .....                   (no boots)
Stlth   +.........              (no amulet)
HPRegen 0.15/turn               (no ring)
MPRegen 0.13/turn               (no ring)

@: silenced (expiring), resistant, glowing, bezotted
A: sense surroundings 1, otherworldly, glowing, explore regen
a: no special abilities


You were on level 3 of the Dungeon.
You visited 1 branch of the dungeon, and saw 3 of its levels.

You collected 78 gold pieces.

Inventory:

Armour
 a - a +0 robe (worn)


   Skills:
 - Level 2.6 Dodging
 - Level 1.4 Stealth
 - Level 3.4 Spellcasting
 + Level 4.9 Conjurations
 - Level 4.6 Fire Magic
 + Level 0.8 Earth Magic


You had 5 spell levels left.
You knew the following spells:

 Your Spells              Type           Power      Damage    Failure   Level
a - Foxfire               Conj/Fire      76%        2x1d7     2%          1
b - Scorch                Fire           36%        2d6       3%          2
c - Stone Arrow           Conj/Erth      24%        3d8       16%         3

Your spell library contained the following spells:

 Spells                   Type           Power      Damage    Failure   Level
 Conjure Flame            Conj/Fire      19%        6-21      7%          3
 Inner Flame              Hex/Fire       10%        N/A       19%         3
 Flame Wave               Conj/Fire      19%        2d7       22%         4
 Animate Armour           Summ/Erth      8%         N/A       80%         4
 Lehudib's Crystal Spear  Conj/Erth      6%         10d3      100%        8


Dungeon Overview and Level Annotations

Branches:
Dungeon (3/15) Zot: 94

Altars:
Okawaru
Zin

Annotations:
D:3 Barsook's ghost, amateur DrBe


Innate Abilities, Weirdness & Mutations

You passively map a small area around you.
You are easily found by Zot.
You glow in the dark.
You regain HP and MP as you explore.


Message History

Your Conjurations skill increases to level 4!
You have reached level 6!
You feel clever.
You hit Barsook's ghost but do no damage.
Barsook's ghost is moderately damaged.
Barsook's ghost hits you but does no damage.
You barely miss Barsook's ghost.
Barsook's ghost is moderately damaged.
Barsook's ghost hits you!
You hit Barsook's ghost but do no damage.
Barsook's ghost is moderately damaged.
Barsook's ghost hits you.
You hit Barsook's ghost but do no damage.
Barsook's ghost is moderately damaged.
Barsook's ghost hits you!
* * * LOW HITPOINT WARNING * * *
Saving game... please wait.
Level annotation: Barsook's ghost, amateur DrBe Welcome back, hawla the Meteoran Fire Elementalist.
Press ? for a list of commands and other information.
Magic scrolls do not work when you're silenced!
It was a potion of curing.
You feel better. Barsook's ghost hits you!
* * * LOW HITPOINT WARNING * * *
It was a potion of resistance.
You feel protected. Barsook's ghost hits you.
* * * LOW HITPOINT WARNING * * *
Barsook's ghost hits you.
* * * LOW HITPOINT WARNING * * *
Barsook's ghost closely misses you.
You have lingered too long.
Zot senses you.
Dive deeper or flee this branch before you suffer!
Barsook's ghost attacks as you move away!
Barsook's ghost hits you.
* * * LOW HITPOINT WARNING * * *
You feel less attractive to monsters.
Things that are here:
a stone; a +0 club
There is an escape hatch in the ceiling here.
Barsook's ghost hits you!
You die...

#####.#.≈.#.≈≈._≈.#.≈..##########
......#.≈.#...≈≈≈.#.≈..##........
....(.#)≈.####....#.≈..##.~.⌠~⌠P~
......#.≈.....#####.≈..#..~.....P
......#.≈≈≈≈≈≈......≈.....~.####.
..)...#.......≈≈≈≈≈≈≈...#.⌠.P._#.
......########............~.####.
§.....# ####.......#........
##)...##### #@.####.##.~P~~..P
K)....))..## ##W## ##.##........
K##....##..####(.# ##..#....##.##
..####..........####.....##....#
)#.#..#....#.#### #....####.####
#.⌠#..#.##...######..#.# #..###
.#.#....####.....#...#.# ##...##
..##..### ###.#...#.#.# ###..#
.##....## #.##<.#.#.# ##.#


You could see Barsook's ghost.

Vanquished Creatures
  A kobold brigand (D:3)
  3 adders (D:2)
  2 worms
  2 dart slugs
  7 orcs (D:3)
  4 ball pythons
  4 endoplasms
  4 giant cockroaches
  7 goblins
  3 hobgoblins
  2 jackals (D:3)
  11 kobolds
  A quokka (D:1)
  6 bats
  A frilled lizard (D:2)
  3 rats
61 creatures vanquished.

Vanquished Creatures (others)
  117 foxfires
  4 fungi (D:3)
  5 plants (D:3)
126 creatures vanquished.

Grand Total: 187 creatures vanquished

Notes
Turn   | Place    | Note
-------+----------+-------------------------------------------
     0 | D:1      | hawla the Meteoran Fire Elementalist began the quest for
                  | the Orb.
     0 | D:1      | Reached XP level 1. HP: 14/14 MP: 5/5
    86 | D:1      | Reached XP level 2. HP: 20/20 MP: 3/6
   168 | D:1      | You fall into a shaft and drop 1 floor!
   302 | D:2      | Reached XP level 3. HP: 25/26 MP: 0/8
   550 | D:2      | Learned a level 2 spell: Scorch
   575 | D:2      | Reached XP level 4. HP: 28/33 MP: 6/10
   579 | D:2      | Learned a level 3 spell: Stone Arrow
  1093 | D:2      | Glimpsed the power of Zot.
  1201 | D:3      | Reached XP level 5. HP: 38/38 MP: 7/11
  1216 | D:3      | Found a faded altar of an unknown god.
  1291 | D:3      | Found a runed translucent gate.
  1292 | D:3      | Found a runed translucent gate.
  1293 | D:3      | Found a runed translucent gate.
  1296 | D:3      | Noticed Barsook's ghost (amateur DrBe)
  1296 | D:3      | Noticed a kobold brigand
  1330 | D:3      | Found an iron altar of Okawaru.
  1340 | D:3      | Found a glowing silver altar of Zin.
  1681 | D:3      | Killed a kobold brigand
  1682 | D:3      | Reached XP level 6. HP: 25/45 MP: 1/12
  1693 | D:3      | Glimpsed the power of Zot.
  1695 | D:3      | HP: 2/45 [Barsook's ghost (3)]
  1698 | D:3      | Slain by Barsook's ghost

Illustrated notes

Levels and vault maps discovered:
D:1:      zaba_arrival_water, layout_basic
D:2:      layout_loops_corners, chequers_avenue
D:3:      layout_rooms, nicolae_overflow_squiral,
          shapermc_ecumenical_altar_acropolis, gammafunk_ghost_nasty_kobolds,
          serial_glass, glass_columns_a, glass_columns_c

Skill      XL: |  1  2  3  4  5 |
---------------+----------------+-----
Fire Magic     | 4 |  4.6
Spellcasting   | 3 |  3.4
Conjurations   | 3 4 |  4.9
Dodging        | |  2.6
Stealth        | |  1.4
Earth Magic    | |  0.8

Action                   |  1- 3 |  4- 6 || total
-------------------------+-------+-------++-------
Melee: Unarmed           |    13 |    17 ||    30
 Cast: Foxfire           |    43 |    38 ||    81
       Scorch            |       |    16 ||    16
       Stone Arrow       |       |     6 ||     6
  Use: Scroll            |       |     5 ||     5
       Potion            |       |     6 ||     6
Armor: Robe              |     9 |    16 ||    25
Dodge: Dodged            |    18 |    28 ||    46
